 Dungeon Crawl Stone Soup version 0.26-a0-667-g92642533e4 (webtiles) character file.

Game seed: 8685181656448434332

44 Lavandula the Poker (level 3, 0/27 HPs)
             Began as a Human Warper on Oct 16, 2020.
             Slain by Crazy Yiuf
             ... wielding a +4 quarterstaff of chaos
              (1 damage)
             ... on level 2 of the Dungeon.
             The game lasted 00:02:20 (1452 turns).

Lavandula the Poker (Human Warper)                  Turns: 1452, Time: 00:02:21

Health: 0/27       AC:  5    Str: 12    XL:     3   Next: 85%
Magic:  3/6        EV: 10    Int: 13    God:
Gold:   27         SH:  0    Dex: 12    Spells: 6/6 levels left

rFire    . . .     SeeInvis .   a - +0 spear
rCold    . . .     Faith    .   (no shield)
rNeg     . . .     Spirit   .   h - +0 ring mail
rPois    .         Reflect  .   (no helmet)
rElec    .         Harm     .   (no cloak)
rCorr    +         Rampage  .   (no gloves)
MR       .....                  (no boots)
Stlth    +.........             (no amulet)
HPRegen  0.09/turn              m - ring of resist corrosion
MPRegen  0.10/turn              (no ring)

@: slowed, lightly drained, very slow
A: no striking features
a: no special abilities


You were on level 2 of the Dungeon.
You visited 1 branch of the dungeon, and saw 2 of its levels.

You collected 27 gold pieces.

Inventory:

Hand Weapons
 a - a +0 spear (weapon)
Missiles
 e - 3 boomerangs of dispersal (quivered)
Armour
 b - a +0 leather armour
 h - a +0 ring mail (worn)
Jewellery
 m - a ring of resist corrosion (left hand)
Scrolls
 d - a scroll of blinking
 j - a scroll of enchant armour
 k - a scroll of amnesia
Potions
 f - a potion of heal wounds {unknown}
 i - a potion of curing
 l - a potion of magic {unknown}


   Skills:
 - Level 2.0(1.6) Fighting
 + Level 3.9(3.5) Polearms
 - Level 1.0(0.7) Throwing
 - Level 1.0(0.7) Armour
 - Level 2.0(1.6) Dodging
 - Level 2.0(1.6) Spellcasting
   Level 3.0(2.6) Translocations


You had 6 spell levels left.
You didn't know any spells.
Your spell library contained the following spells:

 Spells                   Type           Power        Failure   Level
 Blink                    Tloc           N/A          30%         2
 Gell's Gravitas          Tloc           #.........   52%         3
 Lesser Beckoning         Tloc           #.........   52%         3
 Teleport Other           Tloc           #.......     52%         3
 Passage of Golubria      Tloc           N/A          89%         4


Dungeon Overview and Level Annotations

Branches:
Dungeon (2/15)

Altars:

Annotations:
D:2 Crazy Yiuf


Message History

Crazy Yiuf is almost dead.
Crazy Yiuf barely misses you.
Unknown command.
You barely miss Crazy Yiuf.
Crazy Yiuf is almost dead.
Crazy Yiuf barely misses you.
Unknown command.
You hit Crazy Yiuf but do no damage.
Crazy Yiuf is almost dead.
Crazy Yiuf hits you with a +4 quarterstaff of chaos!
Ouch! That really hurt!
* * * LOW HITPOINT WARNING * * *
You feel yourself slow down.
Unknown command.
Unknown command.
You feel better.
Crazy Yiuf hits you with a +4 quarterstaff of chaos!
* * * LOW HITPOINT WARNING * * *
You feel drained.
You die...

#.#####.# #.# #.#
#.### #.# #######
....###.######.....###
#.#.##..#............#
#.......#.###..#.#.#.#
#.........# #..#.#.#.#
#.......#.# #..#g#.#.#
#.........# #..#@#.#.#
#......#### #......#.#
#......# #.##.###.#
######'## #........#
##...## #####.#####
##.....# #.........#
##.###### #########.#
##..# #.# .'..#
#######.##


You could see Crazy Yiuf.

Vanquished Creatures
  Robin (D:2)
  An ooze (D:1)
  A dart slug (D:2)
  7 goblins
  4 hobgoblins
  2 kobolds (D:2)
  A quokka (D:2)
  2 bats (D:1)
  3 frilled lizards
  3 rats
25 creatures vanquished.

Notes
Turn   | Place    | Note
-------+----------+-------------------------------------------
     0 | D:1      | Lavandula the Human Warper began the quest for the Orb.
     0 | D:1      | Reached XP level 1. HP: 16/16 MP: 3/3
   256 | D:1      | Reached XP level 2. HP: 20/22 MP: 5/5
   982 | D:2      | Reached XP level 3. HP: 26/27 MP: 6/6
  1025 | D:2      | Found a runed translucent door.
  1026 | D:2      | Noticed Crazy Yiuf
  1169 | D:2      | Noticed Robin
  1218 | D:2      | Killed Robin
  1452 | D:2      | HP: 1/27 [Crazy Yiuf/+4 quarterstaff of chaos (9)]
  1452 | D:2      | Slain by Crazy Yiuf

Illustrated notes

Levels and vault maps discovered:
D:1:      lemuel_arrival_tunnels, layout_basic
D:2:      lemuel_upstairs_altar, layout_loops_corners,
          lemuel_coloured_pillars_altar, dk_noncrumbling_4,
          nicolae_tso_swordbearing_angel, uniq_jessica, uniq_robin,
          uniq_crazy_yiuf_cottage

Skill      XL: |  1  2 |
---------------+-------+-----
Polearms       | 3 |  3.9
Fighting       | |  2.0
Throwing       | |  1.0
Armour         | |  1.0
Dodging        | |  2.0
Spellcasting   | |  2.0
Translocations | |  3.0

Action                   || total
-------------------------++-------
Melee: Spear             ||    92
Throw: Javelin           ||     6
       Boomerang         ||     2
  Use: Scroll            ||     3
       Potion            ||     1
Armor: Leather armour    ||     7
       Ring mail         ||    21
Dodge: Dodged            ||    42

Table legend: (Time is in decaauts)
 A = Elapsed time spent in this place.
 B = Non-inter-level travel time spent in this place.
 C = Inter-level travel time spent in this place.
 D = Time resting spent in this place.
 E = Time spent auto-exploring this place.
 F = Levels seen in this place.
 G = Mean time per level.
                   A        B        C        D        E       F      G
               +--------+--------+--------+--------+--------+-----+--------+
         Total |   1450 |   1344 |    106 |    265 |    818 |   2 |  725.0 |
       Dungeon |   1450 |   1344 |    106 |    265 |    818 |   2 |  725.0 |
               +--------+--------+--------+--------+--------+-----+--------+

Top non-repeatable levels by time:
     D:1: 828 daAuts
     D:2: 621 daAuts
